 Dungeon Sprint DCSS version 0.27-a0-46-g34d46f0a3f (webtiles) character file.

Game seed: 11416310436019697700

754 mhtbhm the Basher (level 7, -4/77 HPs)
             Began as a Minotaur Berserker on Jan 7, 2021.
             Was a Priest of Trog.
             Slain by a vampire mosquito (10 damage)
             ... in the Dungeon (Sprint II: "The Violet Keep of Menkaure").
             The game lasted 00:00:56 (697 turns).

mhtbhm the Basher (Minotaur Berserker)               Turns: 697, Time: 00:00:56

Health: -4/77      AC:  2    Str: 23    XL:     7   Next: 49%
Magic:  6/6        EV: 14    Int:  2    God:    Trog [***...]
Gold:   729        SH:  0    Dex: 10    Spells: 6/6 levels left

rFire    . . .     SeeInvis .   a - +0 mace
rCold    . . .     Faith    .   (no shield)
rNeg     . . .     Spirit   .   b - +0 animal skin
rPois    .         Reflect  .   (helmet restricted)
rElec    .         Harm     .   (no cloak)
rCorr    .         Rampage  .   (no gloves)
Will     .....     NoTele   +   (no boots)
Stlth    +.........             (no amulet)
HPRegen  0.22/turn              (no ring)
MPRegen  0.10/turn              (no ring)

@: very slow
A: retaliatory headbutt, horns 2, dopey 1, screaming 1, subdued magic 1
a: Renounce Religion, Berserk, Trog's Hand


You were in the Dungeon.
You worshipped Trog.
Trog was most pleased with you.
You visited 1 branch You collected 729 gold pieces.

Inventory:

Hand Weapons
 a - a +0 mace (weapon)
Armour
 b - a +0 animal skin (worn)
Scrolls
 h - a scroll of blinking
Potions
 c - a potion of curing
 d - a potion of heal wounds
 e - a potion of haste
 f - 2 potions of magic
 g - a potion of berserk rage


   Skills:
 + Level 12.0 Fighting
 + Level 13.3 Maces & Flails
 + Level 6.5 Armour
 + Level 6.0 Dodging


You had 6 spell levels left.
You didn't know any spells.
Your spell library was empty.

Dungeon Overview and Level Annotations

Branches:
Dungeon (1/1)

Altars:

Shops:
D }?=}:!(*[([*

Annotations:
D exclusion: obsidian statue


Innate Abilities, Weirdness & Mutations

You reflexively headbutt those who attack you in melee.
You have a pair of horns on your head.
You are dopey. (Int -2)
You occasionally shout uncontrollably at your foes.
Your spells are a little easier to cast, but a little less powerful.


Message History

The vampire mosquito is heavily damaged.
The vampire mosquito barely misses you.
Your unstable footing causes you to fumble your attack.
The vampire mosquito closely misses you.
You furiously retaliate!
You headbutt the vampire mosquito.
The vampire mosquito closely misses you.
Your unstable footing causes you to fumble your attack.
The vampire mosquito bites you!
* * * LOW HITPOINT WARNING * * *
The vampire mosquito draws strength from your injuries!
You hit the vampire mosquito.
The vampire mosquito is heavily damaged.
The vampire mosquito bites you!
* * * LOW HITPOINT WARNING * * *
The vampire mosquito draws strength from your injuries!
The vampire mosquito barely misses you.
You hit the vampire mosquito.
The vampire mosquito is heavily damaged.
The vampire mosquito bites you!
You die...

∩.∩...#≈≈ #..#..#
.∩....#≈≈####.#.##
#
∩.∩...#≈##.###'##
.# ...∩..#≈#
#.##)##.#
..∩.∩3'≈+###'.<.'#
...∩.∩#≈#.#.##.###
▓▓▓▓###≈##.###'##
B######≈≈####...##
##@≈≈#..#..# ≈
#y#≈##...## ≈≈≈
#?#≈≈##'##≈≈§≈≈
####≈≈≈≈≈≈≈≈§≈≈
#+++#+++#≈≈≈
#≈○°≈°° #°≈≈≈≈≈≈§§
°°≈≈○§8≈○≈§°+
≈##≈○○≈°°○○≈##


You could see a neqoxec and a vampire mosquito.

Vanquished Creatures
  A merfolk siren (D)
  2 wyverns (D)
  A neqoxec (D)
  4 worker ants (D)
8 creatures vanquished.

Vanquished Creatures (others)
  A neqoxec (D)
  A water moccasin (D)
2 creatures vanquished.

Grand Total: 10 creatures vanquished

Notes
Turn   | Place    | Note
-------+----------+-------------------------------------------
     0 | D        | mhtbhm the Minotaur Berserker began the quest for the Orb.
     0 | D        | Reached XP level 1. HP: 19/19 MP: 0/0
     1 | D        | Noticed a worker ant
     1 | D        | Noticed a worker ant
     1 | D        | Noticed a worker ant
     1 | D        | Noticed a worker ant
     6 | D        | Killed a worker ant
     7 | D        | Reached skill level 5 in Fighting
     7 | D        | Reached skill level 5 in Maces & Flails
     7 | D        | Reached XP level 2. HP: 29/29 MP: 1/1
    10 | D        | Reached skill level 6 in Maces & Flails
    10 | D        | Reached XP level 3. HP: 34/37 MP: 2/2
    12 | D        | Reached ** piety under Trog
    13 | D        | Reached skill level 7 in Maces & Flails
    13 | D        | Reached XP level 4. HP: 34/45 MP: 3/3
   239 | D        | Noticed a wyvern
   239 | D        | Noticed a wyvern
   241 | D        | Killed a wyvern
   242 | D        | Reached skill level 10 in Maces & Flails
   242 | D        | Reached skill level 5 in Armour
   242 | D        | Reached XP level 5. HP: 57/57 MP: 4/4
   244 | D        | Killed a wyvern
   245 | D        | Reached skill level 10 in Fighting
   245 | D        | Reached skill level 11 in Maces & Flails
   245 | D        | Reached skill level 5 in Dodging
   245 | D        | Reached XP level 6. HP: 67/67 MP: 5/5
   272 | D        | Killed a water moccasin
   285 | D        | Noticed a neqoxec
   289 | D        | Gained mutation: Your spells are a little easier to cast,
                  | but a little less powerful. [a neqoxec]
   295 | D        | Lost intelligence.
   295 | D        | Gained mutation: You are dopey. (Int -2) [a neqoxec]
   296 | D        | Gained mutation: You occasionally shout uncontrollably at
                  | your foes. [a neqoxec]
   304 | D        | Killed a neqoxec
   304 | D        | Reached *** piety under Trog
   305 | D        | Reached skill level 12 in Maces & Flails
   305 | D        | Reached XP level 7. HP: 19/74 MP: 6/6
   356 | D        | Killed a neqoxec
   455 | D        | Noticed a merfolk siren
   461 | D        | Killed a merfolk siren
   462 | D        | Reached skill level 13 in Maces & Flails
   665 | D        | Noticed an obsidian statue
   671 | D        | Found Yloxoem's General Store.
   673 | D        | Found Ihint's Antique Armour Boutique.
   674 | D        | Found Kubreaxt's Antique Weapon Boutique.
   674 | D        | Found Uryut's Antique Armour Shop.
   675 | D        | Found Mit Begh's Weapon Shop.
   675 | D        | Found Dotwiedwo's Distillery.
   676 | D        | Found Dil Givops's Gadget Shop.
   676 | D        | Found Faawopp's Book Shop.
   677 | D        | Found Asimeq's Magic Scroll Shop.
   677 | D        | Found Jenn's Gadget Boutique.
   678 | D        | Found Deanil's General Store.
   678 | D        | Found Zoligik's Jewellery Boutique.
   682 | D        | Noticed a vampire mosquito
   691 | D        | Noticed a neqoxec
   697 | D        | Slain by a vampire mosquito

Illustrated notes

Levels and vault maps discovered:
D:        the_violet_keep_of_menkaure [sprint2_stairs_cluster_1,
          sprint2_shoproom, sprint2_temple, sprint2_basic_supplies,
          sprint2_obstacle_3, sprint2_obstacle_1, sprint2_obstacle_4,
          sprint2_obstacle_5, sprint2_obstacle_7, sprint2_timed_cluster_1,
          sprint2_smallroom_cluster_1, sprint2_smallroom_final_cluster_1,
          sprint2_transparent_cluster_1, sprint2_second_timed_cluster_1,
          sprint2_sniper_area_1, sprint2_heavy_combat_area_1,
          sprint2_mutation_trap_area_1, sprint2_forest_area_1,
          sprint2_light_combat_area_1, sprint2_behind_water_1,
          sprint2_near_end_vault_1]

Skill      XL: |  1  2  3  4  5  6  7 |
---------------+----------------------+-----
Fighting       | 5 6 9 10 11 12 | 12.0
Maces & Flails | 5 6 7 10 11 12 13 | 13.3
Armour         | 3 5 6 |  6.5
Dodging        | 3 4 5 6 |  6.0

Action                   |  1- 3 |  4- 6 |  7- 9 || total
-------------------------+-------+-------+-------++-------
Melee: Mace              |    10 |    20 |    20 ||    50
       Headbutt          |     1 |     5 |     1 ||     7
Invok: Berserk           |     1 |     2 |     1 ||     4
Armor: Animal skin       |     1 |     3 |     1 ||     5
Dodge: Dodged            |     3 |    10 |    11 ||    24

Table legend: (Time is in decaauts)
 A = Elapsed time spent in this place.
 B = Non-inter-level travel time spent in this place.
 C = Inter-level travel time spent in this place.
 D = Time resting spent in this place.
 E = Time spent auto-exploring this place.
 F = Levels seen in this place.
 G = Mean time per level.
                   A        B        C        D        E       F      G
               +--------+--------+--------+--------+--------+-----+--------+
         Total |    733 |    733 |      0 |    619 |      1 |   1 |  733.0 |
       Dungeon |    733 |    733 |      0 |    619 |      1 |   1 |  733.0 |
               +--------+--------+--------+--------+--------+-----+--------+

Top non-repeatable levels by time:
       D: 733 daAuts
